 Dungeon Crawl Stone Soup version 0.30.0 (webtiles) character file.

Game seed: 3390067060134361595

47 Persephone the Chopper (level 3, -6/23 HPs)
             Began as a Gargoyle Fighter on May 6, 2023.
             Mangled by a worm (9 damage)
             ... on level 2 of the Dungeon.
             The game lasted 00:03:40 (1315 turns).

Persephone the Chopper (Gargoyle Fighter)           Turns: 1315, Time: 00:03:40

Health: -6/23      AC: 10    Str: 19    XL:     3   Next: 70%
Magic:  3/3        EV:  9    Int:  8    God:
Gold:   49         SH:  4    Dex: 11    Spells: 2/2 levels left

rFire   . . .        a - +0 war axe
rCold   . . .        c - +0 buckler
rNeg    + . .        b - +0 scale mail
rPois   ∞            (no helmet)
rElec   +            (no cloak)
rCorr   .            (no gloves)
SInv    .            (no boots)
Will    .....        (no amulet) Stlth
                     (no ring)
HPRegen 0.23/turn    (no ring)
MPRegen 0.08/turn

%: no passive effects
@: no status effects
A: sickness immunity, AC +3, negative energy resistance 1, electricity
resistance, torment resistance 1, petrification resistance
a: no special abilities


You were on level 2 of the Dungeon.
You visited 1 branch of the dungeon, and saw 2 of its levels.

You collected 49 gold pieces.

Inventory:

Hand Weapons
 a - a +0 war axe (weapon)
Armour
 b - a +0 scale mail (worn)
 c - a +0 buckler (worn)
Scrolls
 f - a scroll of blinking {unknown}
 g - a scroll of enchant armour {unknown}
 h - a scroll of vulnerability {unknown}
 i - a scroll of noise {unknown}
Potions
 d - a potion of might
 e - a potion of magic {unknown}


   Skills:
 - Level 3.2 Fighting
 + Level 3.6 Axes
 - Level 3.2 Armour
 - Level 3.2 Shields


You had 2 spell levels left.
You didn't know any spells.
Your spell library contained the following spells:

 Spells                   Type           Power      Damage    Failure   Level
 Freeze                   Ice            0%         1d3       85%         1
 Frozen Ramparts          Ice            0%         1d1       99%         3
 Hailstorm                Conj/Ice       0%         3d3       99%         3


Dungeon Overview and Level Annotations

Branches:
Dungeon (2/15)

Altars:


Innate Abilities, Weirdness & Mutations

You are immune to sickness and miasma.
Your stone body is resilient. (AC +3)
You are immune to poison.
You resist negative energy. (rN+)
You are resistant to electric shocks. (rElec)
You are resistant to unholy torment.
You are immune to petrification.


Message History

You kill the kobold!
You miss the adder. The adder barely misses you.
The adder bites you but does no damage. You block the adder's attack.
The adder bites you but does no damage.
You slash the adder!
You kill the adder!
You barely miss the adder. The adder bites you.
The adder bites you but does no damage. The adder bites you.
You slash the adder!
The adder is almost dead.
The adder bites you but does no damage. You block the adder's attack.
You closely miss the adder.
The adder is almost dead.
The adder bites you but does no damage. The bat hits you but does no damage.
The adder bites you but does no damage.
You barely miss the adder.
The adder is severely wounded.
You hit the bat. You block the bat's attack. The bat closely misses you.
The adder barely misses you. The bat hits you but does no damage.
You barely miss the adder.
The adder is severely wounded.
You completely miss the bat. The bat hits you but does no damage.
The bat closely misses you. The adder bites you but does no damage.
You block the bat's attack. The adder bites you but does no damage.
You slash the bat!
You kill the bat!
You hit the adder.
You kill the adder!
The worm bites you!
* * * LOW HITPOINT WARNING * * *
You hit the worm.
The worm is lightly wounded.
You barely miss the worm.
The worm is lightly wounded.
The worm bites you but does no damage.
You hit the worm.
The worm is lightly wounded.
The worm bites you!
You die...

.. ......
#######.$.....
#............
#.......#...
#..........#
#........#.#
#..........#
#....†.#
#.#...w@†#
.......<.#
##...##.## #..
#.. #. #... ..
..... . #.....
#.....#
#.?...#


You could see a worm.

Vanquished Creatures
  2 adders (D:2)
  A dart slug (D:1)
  3 ball pythons (D:1)
  5 endoplasms
  2 giant cockroaches (D:1)
  2 goblins (D:1)
  3 hobgoblins (D:1)
  2 bats
  2 frilled lizards (D:1)
  A kobold (D:2)
  4 rats (D:1)
27 creatures vanquished.

Notes
Turn   | Place    | Note
-------+----------+-------------------------------------------
     0 | D:1      | Persephone the Gargoyle Fighter began the quest for the
                  | Orb.
     0 | D:1      | Reached XP level 1. HP: 14/14 MP: 1/1
    55 | D:1      | Reached XP level 2. HP: 17/19 MP: 2/2
   576 | D:1      | Reached XP level 3. HP: 18/23 MP: 3/3
  1315 | D:2      | Mangled by a worm

Illustrated notes

Levels and vault maps discovered:
D:1:      nicolae_arrival_memento_mori, layout_basic, minmay_misc_feat_tiny
D:2:      layout_basic, hellmonk_ecumenical_altar_crossroads

Skill      XL: |  1  2 |
---------------+-------+-----
Axes           | 2 3 |  3.6
Fighting       | |  3.2
Armour         | |  3.2
Shields        | |  3.2

Action                     || total
---------------------------++-------
  Melee: War axe           ||    85
 Armour: Scale mail        ||    53
  Dodge: Dodged            ||    35
  Block: Buckler           ||    23
